[ AOE2 MATCH · #506617261 ]
UnrankedBulgarians vs Georgians
Rival team · LOSS
[ REPLAY ANALYSIS · EXTRACTED FROM THE RECORDED GAME ]
Feudal
9:42
Castle
22:05
Imperial
40:17
| APM avg | 64.6 |
| APM peak | 109 |
| eAPM avg | 34.1 |
| Villagers / military | 168 / 126 |
Focus
⚔️ 33.2% · 🌾 66.8%
Knight ×53 · Skirmisher ×52 · Spearman ×11 · Militia ×7 · Monk ×3
Feudal
8:08
Castle
22:42
Imperial
—
| APM avg | 70.4 |
| APM peak | 107 |
| eAPM avg | 26.7 |
| Villagers / military | 145 / 107 |
Focus
⚔️ 32.2% · 🌾 67.8%
Cavalry Archer ×52 · Knight ×34 · Skirmisher ×8 · Scout Cavalry ×4 · Monk ×3 · Archer ×3
Match map
Initial resources + every placement click. Lines = walls · curves = elevation contours. ◆ gold · ⬟ stone · ● berries · ✦ relic · ◌ wall gap
Your base· ✓ Closed at 22:05 · 60t walls · no gate
Aldana's base· ✓ Closed at 22:42 · 48t walls · 1 gate(s)
Smoothed initial terrain · ◌ = detected wall gap · hover for details
Inputs per minute
— ballin' penguin - - Aldana
Build order — ballin' penguin
First 150 of 481 actions detected
| 0:01 | Create | Villager (Male) |
| 0:02 | Create | Villager (Male) |
| 0:02 | Create | Villager (Male) |
| 0:02 | Create | Villager (Male) |
| 0:02 | Create | Villager (Male) |
| 0:03 | Build | House |
| 0:06 | Build | House |
| 1:29 | Create | Villager (Male) |
| 1:29 | Create | Villager (Male) |
| 1:46 | Build | Lumber Camp |
| 2:03 | Create | Villager (Male) |
| 2:03 | Create | Villager (Male) |
| 2:04 | Create | Villager (Male) |
| 2:20 | Create | Villager (Male) |
| 2:20 | Create | Villager (Male) |
| 2:21 | Create | Villager (Male) |
| 2:45 | Create | Villager (Male) |
| 2:46 | Create | Villager (Male) |
| 3:07 | Create | Villager (Male) |
| 3:21 | Create | Villager (Male) |
| 3:45 | Create | Villager (Male) |
| 3:54 | Build | House |
| 4:11 | Create | Villager (Male) |
| 4:17 | Build | Mill |
| 4:36 | Create | Villager (Male) |
| 5:27 | Create | Villager (Male) |
| 5:48 | Create | Villager (Male) |
| 5:50 | Build | House |
| 6:16 | Create | Villager (Male) |
| 6:22 | Build | Barracks |
| 6:34 | Create | Villager (Male) |
| 6:35 | Research | Loom |
| 7:16 | Research | Feudal Age |
| 7:27 | Build | House |
| 7:31 | Create | Militia |
| 7:32 | Create | Militia |
| 7:32 | Create | Militia |
| 7:40 | Build | Palisade Wall |
| 7:46 | Build | Palisade Wall |
| 7:49 | Create | Militia |
| 8:03 | Create | Militia |
| 8:15 | Build | House |
| 8:31 | Create | Villager (Male) |
| 8:38 | Create | Villager (Male) |
| 8:54 | Build | Palisade Wall |
| 9:05 | Build | House |
| 9:11 | Create | Villager (Male) |
| 9:27 | Create | Militia |
| 9:42 | Age | Feudal Age |
| 9:44 | Create | Villager (Male) |
| 9:50 | Create | Villager (Male) |
| 10:00 | Build | House |
| 10:06 | Create | Spearman |
| 10:27 | Build | House |
| 10:39 | Build | Palisade Wall |
| 10:46 | Create | Villager (Male) |
| 10:49 | Create | Militia |
| 10:54 | Build | House |
| 10:58 | Create | Villager (Male) |
| 11:03 | Build | Archery Range |
| 11:14 | Build | Palisade Wall |
| 11:26 | Research | Double-Bit Axe |
| 11:27 | Research | Horse Collar |
| 11:30 | Build | Palisade Wall |
| 11:43 | Build | Palisade Wall |
| 11:50 | Build | Farm |
| 11:50 | Build | Farm |
| 11:50 | Build | Farm |
| 11:51 | Build | Farm |
| 11:51 | Build | Farm |
| 11:51 | Build | Farm |
| 11:51 | Build | Farm |
| 11:53 | Create | Villager (Male) |
| 12:13 | Build | Farm |
| 12:18 | Build | House |
| 12:26 | Create | Villager (Male) |
| 12:26 | Create | Villager (Male) |
| 12:27 | Create | Villager (Male) |
| 12:37 | Build | Farm |
| 12:40 | Build | Farm |
| 12:55 | Build | House |
| 13:00 | Build | House |
| 13:01 | Build | House |
| 13:02 | Create | Villager (Male) |
| 13:13 | Build | Farm |
| 13:18 | Build | Palisade Wall |
| 13:19 | Build | Palisade Wall |
| 13:22 | Build | Palisade Wall |
| 13:24 | Create | Villager (Male) |
| 13:26 | Create | Spearman |
| 13:30 | Build | Farm |
| 13:32 | Build | Farm |
| 13:39 | Create | Spearman |
| 13:55 | Build | Farm |
| 13:57 | Create | Villager (Male) |
| 13:57 | Create | Villager (Male) |
| 13:57 | Create | Villager (Male) |
| 14:00 | Build | Farm |
| 14:18 | Create | Villager (Male) |
| 14:26 | Build | Farm |
| 14:27 | Create | Villager (Male) |
| 14:44 | Create | Villager (Male) |
| 14:48 | Create | Spearman |
| 15:09 | Create | Villager (Male) |
| 15:15 | Build | Farm |
| 15:22 | Build | Farm |
| 15:23 | Create | Villager (Male) |
| 15:23 | Create | Villager (Male) |
| 15:33 | Build | Farm |
| 15:35 | Build | Farm |
| 15:36 | Create | Villager (Male) |
| 15:36 | Create | Villager (Male) |
| 15:41 | Build | Farm |
| 15:50 | Create | Villager (Male) |
| 16:10 | Build | Palisade Wall |
| 16:12 | Build | Palisade Wall |
| 16:21 | Create | Spearman |
| 16:24 | Create | Villager (Male) |
| 16:34 | Build | Farm |
| 16:49 | Create | Villager (Male) |
| 16:52 | Build | Mining Camp |
| 17:03 | Build | Blacksmith |
| 17:05 | Create | Villager (Male) |
| 17:27 | Research | Wheelbarrow |
| 18:04 | Build | Stable |
| 18:05 | Build | Stable |
| 18:38 | Build | Lumber Camp |
| 18:46 | Create | Skirmisher |
| 18:46 | Create | Skirmisher |
| 18:46 | Create | Skirmisher |
| 18:46 | Create | Skirmisher |
| 18:47 | Create | Villager (Male) |
| 18:57 | Create | Villager (Male) |
| 18:59 | Build | House |
| 19:25 | Research | Castle Age |
| 19:25 | Research | Castle Age |
| 19:32 | Build | House |
| 19:33 | Create | Villager (Male) |
| 19:48 | Research | Scale Barding Armor |
| 19:49 | Research | Forging |
| 20:03 | Create | Villager (Male) |
| 20:11 | Research | Gold Mining |
| 20:24 | Build | Palisade Wall |
| 20:29 | Build | House |
| 20:41 | Research | Bloodlines |
| 20:41 | Research | Bloodlines |
| 20:56 | Build | Farm |
| 21:13 | Build | House |
| 21:28 | Create | Villager (Male) |
| 21:36 | Create | Villager (Male) |
Build order — Aldana
First 150 of 404 actions detected
| 0:00 | Create | Villager (Male) ×4 |
| 0:03 | Build | House |
| 0:04 | Build | House |
| 1:26 | Create | Villager (Male) |
| 1:26 | Create | Villager (Male) |
| 2:06 | Create | Villager (Male) |
| 2:22 | Create | Villager (Male) |
| 2:55 | Create | Villager (Male) |
| 2:56 | Create | Villager (Male) |
| 3:30 | Build | House |
| 3:40 | Create | Villager (Male) |
| 3:49 | Build | Mill |
| 4:18 | Create | Villager (Male) |
| 4:32 | Create | Villager (Male) |
| 5:08 | Create | Villager (Male) |
| 5:09 | Create | Villager (Male) |
| 5:11 | Research | Loom |
| 5:57 | Research | Feudal Age |
| 6:42 | Build | House |
| 7:01 | Build | Barracks |
| 7:15 | Create | Villager (Male) |
| 8:08 | Age | Feudal Age |
| 8:10 | Build | Stable |
| 8:14 | Research | Double-Bit Axe |
| 8:15 | Create | Villager (Male) |
| 8:24 | Create | Villager (Male) |
| 8:46 | Create | Spearman |
| 8:54 | Build | House |
| 9:00 | Create | Scout Cavalry |
| 9:11 | Create | Villager (Male) |
| 9:56 | Create | Scout Cavalry |
| 10:21 | Build | Farm |
| 10:21 | Build | Farm |
| 10:25 | Build | House |
| 10:28 | Build | Palisade Gate |
| 10:37 | Build | Archery Range |
| 10:39 | Create | Scout Cavalry |
| 10:41 | Create | Villager (Male) |
| 10:50 | Build | Palisade Wall |
| 10:54 | Build | Palisade Wall |
| 11:08 | Build | Farm |
| 11:10 | Create | Villager (Male) |
| 11:20 | Build | Farm |
| 11:32 | Build | Palisade Wall |
| 11:39 | Build | Farm |
| 11:40 | Create | Villager (Male) |
| 11:42 | Create | Skirmisher |
| 11:51 | Build | Palisade Wall |
| 11:55 | Build | Palisade Wall |
| 11:59 | Build | Farm |
| 12:01 | Create | Villager (Male) |
| 12:03 | Create | Archer |
| 12:13 | Create | Villager (Male) |
| 12:27 | Build | Farm |
| 12:39 | Create | Villager (Male) |
| 12:44 | Create | Villager (Male) |
| 12:53 | Build | Farm |
| 13:03 | Create | Villager (Male) |
| 13:05 | Create | Skirmisher |
| 13:21 | Build | House |
| 13:36 | Research | Town Watch |
| 13:39 | Build | Archery Range |
| 13:41 | Build | Blacksmith |
| 13:45 | Create | Scout Cavalry |
| 13:50 | Create | Skirmisher |
| 14:00 | Create | Villager (Male) |
| 14:07 | Build | House |
| 14:33 | Create | Villager (Male) |
| 14:35 | Build | Farm |
| 14:37 | Build | Farm |
| 14:38 | Build | Mule Cart |
| 14:47 | Create | Skirmisher |
| 14:50 | Create | Villager (Male) |
| 15:02 | Create | Villager (Male) |
| 15:04 | Create | Skirmisher |
| 15:24 | Create | Villager (Male) |
| 15:31 | Create | Villager (Male) |
| 15:33 | Create | Skirmisher |
| 15:38 | Build | Farm |
| 15:39 | Build | Farm |
| 15:58 | Create | Skirmisher |
| 15:59 | Build | Farm |
| 16:09 | Build | House |
| 16:28 | Build | House |
| 16:48 | Create | Villager (Male) |
| 16:52 | Build | Farm |
| 16:56 | Build | Farm |
| 17:10 | Create | Skirmisher |
| 17:13 | Build | House |
| 17:14 | Build | House |
| 17:20 | Build | Palisade Wall |
| 17:22 | Build | Palisade Wall |
| 17:29 | Create | Villager (Male) |
| 17:37 | Research | Fletching |
| 18:07 | Create | Villager (Male) |
| 18:13 | Create | Archer |
| 18:30 | Create | Archer |
| 18:36 | Create | Villager (Male) |
| 18:55 | Build | House |
| 18:56 | Build | Palisade Wall |
| 19:05 | Create | Villager (Male) |
| 19:10 | Build | Market |
| 19:25 | Create | Villager (Male) |
| 20:02 | Research | Castle Age |
| 20:02 | Research | Castle Age |
| 20:12 | Build | Archery Range |
| 20:27 | Build | Palisade Wall |
| 20:53 | Build | House |
| 21:05 | Build | Palisade Wall |
| 21:13 | Build | House |
| 21:35 | Research | Bloodlines |
| 21:47 | Build | House |
| 21:49 | Build | Palisade Wall |
| 22:11 | Build | House |
| 22:19 | Create | Villager (Male) |
| 22:42 | Age | Castle Age |
| 22:46 | Build | Palisade Wall |
| 22:47 | Create | Cavalry Archer |
| 22:47 | Create | Cavalry Archer |
| 22:52 | Research | Bodkin Arrow |
| 22:52 | Research | Bodkin Arrow |
| 22:55 | Research | Bow Saw |
| 23:00 | Create | Villager (Male) |
| 23:13 | Create | Cavalry Archer |
| 23:14 | Create | Villager (Male) |
| 23:16 | Build | House |
| 23:22 | Create | Cavalry Archer |
| 23:22 | Create | Cavalry Archer |
| 24:03 | Create | Cavalry Archer |
| 24:03 | Create | Cavalry Archer |
| 24:04 | Create | Villager (Male) |
| 24:04 | Create | Villager (Male) |
| 24:13 | Create | Villager (Male) |
| 24:17 | Build | House |
| 24:23 | Create | Cavalry Archer |
| 24:24 | Create | Villager (Male) |
| 24:29 | Build | Mule Cart |
| 24:34 | Create | Cavalry Archer |
| 24:36 | Create | Villager (Male) |
| 24:50 | Create | Villager (Male) |
| 24:53 | Create | Cavalry Archer |
| 24:56 | Build | House |
| 25:02 | Create | Villager (Male) |
| 25:20 | Build | Monastery |
| 25:33 | Create | Villager (Male) |
| 25:35 | Build | House |
| 25:46 | Create | Villager (Male) |
| 25:51 | Create | Villager (Male) |
| 25:53 | Create | Villager (Male) |
| 25:56 | Build | Monastery |
Match timeline
| 6:22 | ballin' penguin · first_building Barracks |
| 7:01 | Aldana · first_building Barracks |
| 7:40 | ballin' penguin · wall_segment Palisade Wall x5 |
| 7:46 | ballin' penguin · wall_segment Palisade Wall x3 |
| 8:08 | Aldana · age_up feudal |
| 8:10 | Aldana · first_building Stable |
| 8:54 | ballin' penguin · wall_segment Palisade Wall x7 |
| 9:42 | ballin' penguin · age_up feudal |
| 10:37 | Aldana · first_building Archery Range |
| 10:39 | ballin' penguin · wall_segment Palisade Wall x14 |
| 10:50 | Aldana · wall_segment Palisade Wall x1 |
| 10:54 | Aldana · wall_segment Palisade Wall x1 |
| 11:03 | ballin' penguin · first_building Archery Range |
| 11:14 | ballin' penguin · wall_segment Palisade Wall x6 |
| 11:30 | ballin' penguin · wall_segment Palisade Wall x4 |
| 11:32 | Aldana · wall_segment Palisade Wall x6 |
| 11:43 | ballin' penguin · wall_segment Palisade Wall x17 |
| 11:51 | Aldana · wall_segment Palisade Wall x1 |
| 11:55 | Aldana · wall_segment Palisade Wall x5 |
| 13:18 | ballin' penguin · wall_segment Palisade Wall x1 |
| 13:19 | ballin' penguin · wall_segment Palisade Wall x1 |
| 13:22 | ballin' penguin · wall_segment Palisade Wall x1 |
| 16:10 | ballin' penguin · wall_segment Palisade Wall x1 |
| 16:12 | ballin' penguin · wall_segment Palisade Wall x1 |
| 17:20 | Aldana · wall_segment Palisade Wall x2 |
| 17:22 | Aldana · wall_segment Palisade Wall x18 |
| 18:04 | ballin' penguin · first_building Stable |
| 18:56 | Aldana · wall_segment Palisade Wall x4 |
| 20:24 | ballin' penguin · wall_segment Palisade Wall x1 |
| 20:27 | Aldana · wall_segment Palisade Wall x8 |
| 21:05 | Aldana · wall_segment Palisade Wall x1 |
| 21:49 | Aldana · wall_segment Palisade Wall x1 |
| 22:05 | ballin' penguin · age_up castle |
| 22:42 | Aldana · age_up castle |
| 22:46 | Aldana · wall_segment Palisade Wall x11 |
| 22:51 | Aldana · first_market_sell 100 food |
| 22:54 | Aldana · first_market_buy 100 wood |
| 25:20 | Aldana · first_building Monastery |
| 27:55 | Aldana · first_building Siege Workshop |
| 27:55 | ballin' penguin · first_market_buy 100 food |
| 33:04 | Aldana · wall_segment Palisade Wall x1 |
| 36:26 | ballin' penguin · first_building Monastery |
| 40:17 | ballin' penguin · age_up imperial |
| 40:48 | ballin' penguin · first_building Castle |
| 41:08 | Aldana · first_building Castle |
| 42:09 | Aldana · resign |
[ AI ANALYSIS · 1 CREDIT ]
What really happened in this match?
Wolo.gg analyzes every decision: build order, eco, micro, common mistakes by bracket. Personalized analysis on WhatsApp or Discord in 30 seconds.
Civ guide
Bulgarians
Perfil
Jugador #1996261